 Dungeon Crawl Stone Soup version 0.22-a0-614-g34fbaa0 (webtiles) character file.

40 zhorgal the Skirmisher (level 3, -1/30 HPs)
             Began as a Formicid Abyssal Knight on July 17, 2018.
             Was a Believer of Lugonu.
             Slain by an iguana (10 damage)
             ... on level 2 of the Dungeon.
             The game lasted 00:03:41 (1365 turns).

zhorgal the Skirmisher (Formicid Abyssal Knight)    Turns: 1365, Time: 00:03:42

Health: -1/30      AC:  8    Str: 17    XL:     3   Next: 72%
Magic:  5/5        EV:  7    Int: 11    God:    Lugonu [**....]
Gold:   126        SH:  0    Dex: 10    Spells: 2/2 levels left

rFire    . . .     SeeInvis +   d - +3 hand axe
rCold    . . .     Gourm    .   (no shield)
rNeg     . . .     Faith    .   e - +0 chain mail
rPois    .         Spirit   .   (helmet unavailable)
rElec    .         Reflect  .   (no cloak)
rCorr    .         Harm     .   (no gloves)
MR       +....                  (no boots)
Stlth    ..........             m - amulet of inaccuracy (curse)
HPRegen  0.10/turn              p - ring of protection from magic
MPRegen  0.09/turn              (no ring)

@: no status effects
A: permanent stasis, dig shafts and tunnels, four strong arms, antennae 3
a: Dig, Shaft Self, Depart the Abyss, Bend Space, Renounce Religion


You were on level 2 of the Dungeon.
You worshipped Lugonu.
Lugonu was pleased with you.
You were hungry.

You visited 1 branch of the dungeon, and saw 2 of its levels.
You visited the Abyss 1 time.

You collected 126 gold pieces.

Inventory:

Hand Weapons
 a - a +1 hand axe
 d - a +3 hand axe (weapon)
 l - a +0 hunting sling
Missiles
 h - 2 poisoned needles
 i - 12 bolts
 j - 56 stones (quivered)
 o - 28 arrows
Armour
 b - a +0 leather armour
 e - a +0 chain mail (worn)
 n - a cursed +0 ring mail
Jewellery
 m - a cursed amulet of inaccuracy (around neck)
 p - a ring of protection from magic (left hand)
Scrolls
 g - a scroll of teleportation {unknown}
 k - a scroll of fear {unknown}
 q - 2 scrolls of identify {unknown}
Comestibles
 c - a ration


   Skills:
 + Level 3.6 Fighting
 + Level 2.7 Axes
 + Level 2.7 Armour
 - Level 0.8 Dodging
 + Level 2.9 Invocations


You had 2 spell levels left.
You didn't know any spells.
Your spell library was empty.

Dungeon Overview and Level Annotations

Branches:
Dungeon (2/15)

Altars:
Wu Jian


Innate Abilities, Weirdness & Mutations

You cannot be hasted, slowed, berserked, paralysed or teleported.
You can dig through walls and to a lower floor.
Your four strong arms can wield two-handed weapons with a shield.
You have a pair of large antennae on your head. (SInv)


Message History

You barely miss the iguana. The iguana bites you.
You take 3 damage, and have 24/30 hp.
You hit the iguana. The iguana closely misses you. The iguana bites you!
You take 11 damage, and have 13/30 hp.
MASSIVE DAMAGE!!
You are too injured to fight recklessly!
You are too injured to fight recklessly!
You are too injured to fight recklessly!
You are too injured to fight recklessly!
You closely miss the iguana.
The iguana bites you but does no damage.
You hit the iguana. The iguana barely misses you.
You hit the iguana but do no damage. The iguana bites you.
You take 1 damage, and have 12/30 hp.
You closely miss the iguana. The iguana bites you.
* * * LOW HITPOINT WARNING * * *
You take 3 damage, and have 9/30 hp.
Your chain mail prevents you from hitting the iguana.
The iguana barely misses you.
You closely miss the iguana. The iguana bites you!
You die...

#.......##....#.#............#
#.......##....#.#..((.....#...
#.......####..........##....#.
#...........)................
#<..........)...........
#...................#...#
#..........<...(.##.....
#.............l.........
#............@...#..####
########.............#
#.........#.#.# #.............
######...###... ....# #. ...##
.... ...#


You could see an iguana.

Vanquished Creatures
  An adder (D:2)
  2 dart slugs (D:2)
  A leopard gecko (D:2)
  4 bats
  4 goblins
  3 hobgoblins
  2 kobolds
  2 quokkas (D:2)
  2 frilled lizards
  4 rats
25 creatures vanquished.

Notes
Turn   | Place    | Note
-------+----------+-------------------------------------------
     0 | Abyss:1  | zhorgal the Formicid Abyssal Knight began the quest for the Orb.
     0 | Abyss:1  | Reached XP level 1. HP: 18/18 MP: 2/2
    12 | D:1      | Escaped the Abyss
   316 | D:1      | Reached XP level 2. HP: 22/24 MP: 3/3
   876 | D:2      | Reached XP level 3. HP: 29/29 MP: 4/4
  1010 | D:2      | Reached ** piety under Lugonu
  1014 | D:2      | Found an ornate altar of the Wu Jian Council.
  1365 | D:2      | Slain by an iguana

Vault maps used:
D:1:      matt_arrival_diagonals
D:2:      lemuel_doored_altar

Action                   || total
-------------------------++-------
Melee: Hand axe          ||   102
 Fire: Hunting sling     ||     5
  Eat: Chunk             ||     1
Armor: Chain mail        ||    62
       Leather armour    ||     1
Dodge: Dodged            ||    58

Table legend:
 A = Spawn XP
 B = Non-spawn XP
 C = Spawn XP percentage of total XP
 D = Spawn monster count
 E = Non-spawn monster count
 F = Spawn count percentage of total count
 G = Total turns spent on level
                    A         B        C        D         E        F      G
               +---------+---------+-------+---------+---------+-------+---------
         Total |       0 |      58 |   0.0 |       0 |      25 |   0.0 |  1365
               +---------+---------+-------+---------+---------+-------+---------
           D:1 |       0 |      19 |   0.0 |       0 |      12 |   0.0 |   964
           D:2 |       0 |      39 |   0.0 |       0 |      13 |   0.0 |   389
               +---------+---------+-------+---------+---------+-------+---------
